[Event "Live Chess"]
[Site "Chess.com"]
[Date "2023.05.21"]
[Round "-"]
[White "Ian-Morley"]
[Black "Conradical12"]
[Result "0-1"]
[WhiteElo "951"]
[BlackElo "1605"]
[TimeControl "300"]
[EndTime "23:20:23 PDT"]
[Termination "Conradical12 won by resignation"]

1. e4 e5 2. Nf3 Nc6 3. Bc4 Nf6 4.
Ng5 d5 5. exd5 Na5 6. Bb5+ c6 7. dxc6 bxc6 8. Qf3 Be7 9. Ne4 O-O 10. Nxf6+ Bxf6 11. O-O Qb6 12. Bd3 Ba6 13. Bxa6 Qxa6 14. Re1 Nb7 15. Nc3 Nd6 16. d3 e4 17. dxe4 Bxc3 18.
bxc3 Rfe8 19. Bf4 Nc4 20. h4 Rad8 21. Red1 Rxd1+ 22. Rxd1 Qxa2 23. Bb8 Rxb8 24. Rd7 Rf8 25. Qd3 Ne5 0-1

[Event "Live Chess"]
[Site "Chess.com"]
[Date "2023.05.21"]
[Round "-"]
[White "Tushinskiy"]
[Black "Nazarenko_vital"]
[Result "1-0"]
[WhiteElo "2203"]
[BlackElo "1631"]
[TimeControl "300"]
[EndTime "23:20:30 PDT"]
[Termination "Tushinskiy won on time"]

1. d4 Nf6 2. c3 e6 3. Nf3 c5 4. Bf4 Nc6 5. e3 cxd4 6. exd4 a6 7. Bd3 b5 8. O-O Bb7 9. Nbd2 d6 10. Qe2 Be7 11.
Bg3 h6 12. Rfe1 Nh5 13. Rad1 Nxg3 14. hxg3 O-O 15. Qe4 g6 16. Qe3 Bg5 17. Nxg5 Qxg5 18. f4 Qd8 19. Ne4 Ne7 20. Qf2 Nf5 21. g4 Ng7 22. Qg3 f5 23. Nf2 g5 24. gxf5 exf5 25. Re2 g4 26. Qh2 Qf6 27. Rde1 Rae8 28. g3 Bf3 29.
Re3 Rxe3 30. Rxe3 Re8 31. Rxe8+ Nxe8 32. Bf1 Kg7 33. Nd3 Qe6 34. Qd2 Nf6 35. Nf2 Ne4 36.
Nxe4 Qxe4 37. a4 bxa4 38. Bxa6 h5 39. Bd3 Qd5 40. Qe3 1-0

[Event "Live Chess"]
[Site "Chess.com"]
[Date "2023.05.21"]
[Round "-"]
[White "WelshTiger"]
[Black "Driftboard"]
[Result "1-0"]
[WhiteElo "2355"]
[BlackElo "755"]
[TimeControl "300"]
[EndTime "23:20:41 PDT"]
[Termination "WelshTiger won by checkmate"]

1. e4 e5 2. Nf3 Nc6 3. Bb5 a6 4. Ba4 b5 5. Bb3 Nf6 6. O-O Nxe4 7. d4 exd4 8. Re1 d5 9. Nxd4 Nxd4 10. Qxd4 Be6 11. Qd1 Bd6 12. c3 Qf6 13. Qe2 Bc5 14. Be3 Qf5 15. Nd2 Nxd2 16. Qxd2 Bxe3 17. Rxe3 O-O 18. Rae1 Rad8 19. Bc2 Qg5 20. Qd3 d4 21.
Qxh7# 1-0

[Event "Live Chess"]
[Site "Chess.com"]
[Date "2023.05.21"]
[Round "-"]
[White "BillythekidFellowes"]
[Black "tpm07"]
[Result "0-1"]
[WhiteElo "2018"]
[BlackElo "1931"]
[TimeControl "300"]
[EndTime "23:20:43 PDT"]
[Termination "tpm07 won by resignation"]

1. d4 Nf6 2. c4 e6 3. Nc3 Bb4 4. Bg5 c5 5. d5 exd5 6. cxd5 d6 7. e4 O-O 8. Bd3 Nbd7 9. Nf3 h6 10. Bh4 Qa5 11.
O-O Bxc3 12. bxc3 Qxc3 13. Rc1 Qa5 14. Bb1 Ng4 15. Qc2 Nge5 16. Nxe5 Nxe5 17. f4 Ng6 18. e5 dxe5 19. fxe5 c4 20. Qe4 c3 21.
Be7 Re8 22. Rxf7 Kxf7 23. Qxg6+ Kxe7 24. Qd6+ Kf7 25. Bg6+ Kg8 26. Bxe8 c2 27. e6 Qd2 28. Qa3 Bxe6 29. dxe6 Rxe8 30. e7 Rxe7 31. Qb3+ Kh8 0-1

[Event "Live Chess"]
[Site "Chess.com"]
[Date "2023.05.21"]
[Round "-"]
[White "seabuck"]
[Black "jbooth"]
[Result "1/2-1/2"]
[WhiteElo "1889"]
[BlackElo "1681"]
[TimeControl "300"]
[EndTime "23:21:00 PDT"]
[Termination "Game drawn by agreement"]

1. d4 d6 2. c4 Nf6 3. Nc3 g6 4. e4 Bg7 5. Be2 O-O 6. Nf3 Nc6 7. O-O e5 8. dxe5 dxe5 9. Be3 Bg4 10. h3 Bxf3 11.
Bxf3 Nd4 12. Nd5 c6 13. Nxf6+ Bxf6 14. Qd2 Nxf3+ 15. gxf3 Qc8 16. Kg2 Qc7 17. Rfd1 Rad8 18. Qc2 b6 19. a3 a5 20. b4 axb4 21. axb4 Rxd1 22. Rxd1 Rd8 23. Rd3 Be7 24. c5 bxc5 25. Bxc5 Bxc5 26. Rxd8+ Qxd8 27. Qxc5 Qe8 28. Qd6 Qe6 29.
Qxe6 fxe6 30. Kg3 Kf7 31. f4 Kf6 32. h4 h5 33. Kf3 exf4 34. Kxf4 e5+ 35. Kg3 g5 36. f3 Kg6 37. Kh3 Kf6 38. Kg3 Kg6 39. Kh3 1/2-1/2

[Event "Live Chess"]
[Site "Chess.com"]
[Date "2023.05.21"]
[Round "-"]
[White "MarkLim1"]
[Black "Ninifu"]
[Result "0-1"]
[WhiteElo "1661"]
[BlackElo "2024"]
[TimeControl "300"]
[EndTime "23:21:12 PDT"]
[Termination "Ninifu won by checkmate"]

1. d4 Nf6 2. Nf3 g6 3. c4 Bg7 4. Nc3 O-O 5. e4 d6 6. Be2 e5 7. d5 a5 8. O-O Na6 9. Bg5 h6 10. Bh4 Qe8 11. Nd2 Bd7 12. Kh1 Nh7 13. b3 f5 14. f3 g5 15. Bf2 f4 16. a3 Nf6 17.
Rb1 Qh5 18. b4 axb4 19. axb4 Rf7 20. c5 Bf8 21. cxd6 Bxd6 22. b5 Nc5 23. b6 g4 24. fxg4 Bxg4 25. Bxg4 Nxg4 26. Bg1 Qg6 27. bxc7 Rg7 28. Nb5 Ne3 29. Qe2 Rc8 30. Rf2 Bxc7 31. Nxc7 Rcxc7 32. Rb4 Ng4 33. Rf3 b6 34. h3 Ne3 35.
Bxe3 fxe3 36. Rxe3 Nd7 37. Rc4 Rxc4 38. Nxc4 b5 39. Nb2 Nc5 40. Nd3 Nd7 41. Nf2 Qxg2# 0-1

[Event "Live Chess"]
[Site "Chess.com"]
[Date "2023.05.21"]
[Round "-"]
[White "profpirate4"]
[Black "raminguy"]
[Result "1-0"]
[WhiteElo "1259"]
[BlackElo "1923"]
[TimeControl "300"]
[EndTime "23:21:30 PDT"]
[Termination "profpirate4 won by checkmate"]

1. d4 d5 2. c4 e6 3. Nc3 a6 4. e3 Nf6 5. cxd5 exd5 6. Bd3 Be7 7. Qc2 O-O 8. Nf3 Nbd7 9. O-O c6 10. Bd2 Re8 11.
Rfe1 h6 12. Rac1 Nf8 13. Ne5 Bd6 14. e4 dxe4 15. Nxe4 Nxe4 16. Bxe4 Bb8 17. Re3 Qxd4 18. Bc3 Qc5 19. Rg3 Bxe5 20. Bxe5 Qxe5 21. Re1 Bf5 22.
Rge3 Bxe4 23. Rxe4 Qf5 24. g4 Qg6 25. Qa4 Rxe4 26.
Qxe4 Re8 27. Qxe8 Qxg4+ 28. Kf1 Qc4+ 29. Qe2 Qxa2 30. Qe7 Qc4+ 31. Kg1 Qg4+ 32. Kh1 Qf3+ 33. Kg1 c5 34. Qxc5 Ne6 35. Qc8+ Kh7 36. Qc2+ f5 37. Re3 Qg4+ 38. Rg3 Qf4 39. Qc3 Ng5 40. h4 Qxh4 41. Kg2 Qe4+ 42. Kf1 b5 43. Re3 Qh1+ 44. Ke2 Qh5+ 45. f3 Qh2+ 46. Kd3 Qd6+ 47. Ke2 b4 48. Qd3 Qh2+ 49. Kd1 Qg1+ 50. Kc2 Qf2+ 51. Kb3 g6 52. Qd7+ Nf7 53. Qxf7+ Kh8 54. Re8# 1-0

[Event "Live Chess"]
[Site "Chess.com"]
[Date "2023.05.21"]
[Round "-"]
[White "LutherSullivan"]
[Black "Mikhail_Golubev"]
[Result "1-0"]
[WhiteElo "2207"]
[BlackElo "2491"]
[TimeControl "300"]
[EndTime "23:21:34 PDT"]
[Termination "LutherSullivan won by resignation"]

1. e4 c5 2. Nf3 d6 3. d4 cxd4 4. Nxd4 Nf6 5. Nc3 g6 6. Be3 Bg7 7. f3 Nc6 8. Qd2 O-O 9. O-O-O d5 10.
exd5 Nxd5 11. Nxc6 bxc6 12. Bd4 e5 13. Bc5 Re8 14. Ne4 Qc7 15. Bc4 Be6 16. h4 Rad8 17. Bb3 a5 18. h5 Nf4 19. Bd6 Qb6 20. hxg6 hxg6 21. g3 Nd5 22. Qh2 Rxd6 23. Nxd6 Rb8 24. Nc4 Qc5 25. a4 e4 26. fxe4 Ne3 27. Nxe3 Qxe3+ 28.
Kb1 Bxb3 29. cxb3 Rxb3 30. Rd8+ 1-0

[Event "Live Chess"]
[Site "Chess.com"]
[Date "2023.05.21"]
[Round "-"]
[White "YrrriKharkiv"]
[Black "AlanPaling"]
[Result "1-0"]
[WhiteElo "2034"]
[BlackElo "1363"]
[TimeControl "300"]
[EndTime "23:21:59 PDT"]
[Termination "YrrriKharkiv won by checkmate"]

1. d4 e5 2. dxe5 Nc6 3. Nf3 Qe7 4. Qd5 b6 5. e4 Bb7 6. Nc3 Nb4 7. Qb3 a5 8. a3 Na6 9. Nd5 Qd8 10. Bg5 Qc8 11. Bc4 Nc5 12. Qe3 h6 13. Bh4 g5 14. Bg3 Ne6 15. O-O Bc5 16. Qd2 Ne7 17. b4 axb4 18. axb4 Rxa1 19. Rxa1 Bxf2+ 20. Qxf2 Nxd5 21. exd5 Nf4 22.
Bxf4 gxf4 23. Qh4 Rg8 24. Qxf4 d6 25. e6 Qd8 26. Qxf7# 1-0

[Event "Live Chess"]
[Site "Chess.com"]
[Date "2023.05.21"]
[Round "-"]
[White "MaximKris"]
[Black "Doge_Dandolo"]
[Result "0-1"]
[WhiteElo "1851"]
[BlackElo "1901"]
[TimeControl "300"]
[EndTime "23:22:04 PDT"]
[Termination "Doge_Dandolo won by checkmate"]

1. e4 c6 2. Nf3 d5 3. Nc3 Bg4 4. d4 dxe4 5. Nxe4 e6 6. h3 Bf5 7. Bd3 Nd7 8. O-O Ngf6 9. Nxf6+ Qxf6 10. Bxf5 Qxf5 11. Re1 Be7 12. Be3 O-O 13. Qd2 Rfd8 14. Rad1 Nf6 15. Qd3 Qxd3 16. Rxd3 Nd5 17. c4 Nb4 18.
Rb3 Rd7 19. a3 Na6 20. Ne5 Rc7 21. Bf4 Bd6 22. c5 Bxe5 23. Bxe5 Rd7 24. Bd6 Rad8 25.
Rc1 g6 26. Rc4 b5 27. Rcb4 Nc7 28. Rf3 Ne8 29. Be5 Ng7 30. a4 a5 31. Rxb5 cxb5 32.
axb5 Nf5 33. b6 Nxd4 34. Bxd4 Rxd4 35. c6 Rb4 36. b7 Rb8 37. c7 R4xb7 38. cxb8=Q+ Rxb8 39. Ra3 Rxb2 40. Rxa5 Kg7 41. f3 h5 42. Kh2 h4 43.
Ra4 g5 44. Rg4 f6 45. f4 Kg6 46. fxg5 fxg5 47. Ra4 Rb6 48. Re4 Kf5 49. Re1 e5 50. Rf1+ Kg6 51. Re1 Re6 52. g4 e4 53. Re3 Kf6 54.
Kg2 Ke5 55. Ra3 Kf4 56. Ra4 Rd6 57. Kf2 Rd2+ 58. Ke1 Rh2 59. Ra5 Rxh3 60. Kf2 Rh2+ 61. Kf1 Kxg4 62. Kg1 Rb2 63. Rd5 e3 64. Rd3 Kf3 65.
Rxe3+ Kxe3 66. Kf1 g4 67. Kg1 Kf3 68. Kh1 Kg3 69. Kg1 Rb1# 0-1

[Event "Live Chess"]
[Site "Chess.com"]
[Date "2023.05.21"]
[Round "-"]
[White "Singapourfeuj"]
[Black "JohanKjeldahl"]
[Result "1/2-1/2"]
[WhiteElo "2208"]
[BlackElo "1875"]
[TimeControl "300"]
[EndTime "23:22:10 PDT"]
[Termination "Game drawn by repetition"]

1. d4 Nf6 2. Nf3 e6 3. c4 b6 4. g3 Bb7 5. Bg2 Be7 6. O-O O-O 7. Nc3 d5 8. Ne5 c5 9. cxd5 Nxd5 10. Nxd5 Bxd5 11.
e4 Bb7 12. d5 exd5 13. exd5 Bd6 14. Nc4 Na6 15. Nxd6 Qxd6 16. Bf4 Qd7 17. d6 Bxg2 18. Kxg2 Rad8 19. h4 Rfe8 20. Re1 h6 21. Qf3 Nb4 22. Rxe8+ Rxe8 23. Rd1 Nxa2 24. h5 Nb4 25. Qc3 Nc6 26. Re1 Nd4 27. Rxe8+ Qxe8 28. Qe3 Qc6+ 29. f3 Ne6 30.
Qe4 Nxf4+ 31. Qxf4 Qd7 32. Qe5 Kf8 33. g4 f6 34. Qd5 c4 35. Kh3 b5 36. Qa8+ Kf7 37. Qd5+ Kf8 38. Kh4 a5 39. f4 a4 40. f5 b4 41. Qa8+ Kf7 42. Qd5+ Kf8 43. Kh3 a3 44. bxa3 bxa3 45. Qa8+ Kf7 46. Qxa3 c3 47. Qc5 c2 48.
Qc4+ Kf8 49. Qxc2 Qxd6 50. Qc8+ Kf7 51. Qb7+ Kf8 52. Qb3 Qd4 53. Qb8+ Kf7 54. Qc7+ Kf8 55. Qc8+ Kf7 56. Qb7+ Kf8 57. Qf3 Qe5 58. Qa3+ Kf7 59. Qb3+ Kf8 60. Qd3 Qf4 61. Qd8+ Kf7 62. Qd7+ Kf8 63.
Qd3 Qf2 64. Qg3 Qxg3+ 65. Kxg3 Ke7 66. Kf4 Kd6 67. Ke4 Kc5 68. Ke3 Kd5 69. Kd3 Ke5 70.
Ke3 Kd5 71. Kd3 Ke5 72. Ke3 Kd5 1/2-1/2

[Event "Live Chess"]
[Site "Chess.com"]
[Date "2023.05.21"]
[Round "-"]
[White "BJAW87"]
[Black "WelshTiger"]
[Result "0-1"]
[WhiteElo "1433"]
[BlackElo "2355"]
[TimeControl "300"]
[EndTime "23:22:17 PDT"]
[Termination "WelshTiger won by resignation"]

1. e4 c5 2. Nf3 d6 3. d4 cxd4 4. Nxd4 Nf6 5. Nc3 Nc6 6. Bc4 Bd7 7.
O-O g6 8. f4 Bg7 9. Qf3 Nxd4 10.
Qg3 Nxc2 0-1

[Event "Live Chess"]
[Site "Chess.com"]
[Date "2023.05.21"]
[Round "-"]
[White "ProfPoisson"]
[Black "HoarseyHorsey"]
[Result "1-0"]
[WhiteElo "1155"]
[BlackElo "1416"]
[TimeControl "300"]
[EndTime "23:22:43 PDT"]
[Termination "ProfPoisson won on time"]

1. e3 d5 2. d4 Nc6 3. c4 e6 4. Nc3 Nf6 5. Nf3 Be7 6. Ne5 Nxe5 7. dxe5 Nd7 8. cxd5 Nxe5 9. dxe6 Qxd1+ 10. Kxd1 Bxe6 11.
f4 O-O-O+ 12. Bd2 Nd3 13. Bxd3 Rxd3 14. Rf1 Rhd8 15. Rf2 Bb4 16. Rc1 Bxc3 17. Rxc3 Rxc3 18. bxc3 Bxa2 19. Kc2 Bc4 20. Kb2 Rd6 21. e4 Rb6+ 22. Kc1 Kd7 23. e5 Ke6 24. g4 f6 25. Be3 Ra6 26.
exf6 gxf6 27. f5+ Kf7 28. h4 b6 29. g5 Ra2 30. Rxa2 Bxa2 31. Kb2 Bc4 32. Ka3 Bd3 33. gxf6 Kxf6 34. Bf4 c6 35. Bg5+ Kxf5 36. Kb4 Ke6 37. c4 Ke5 38. c5 bxc5+ 39. Kxc5 Be4 40. Kb4 Kd4 41. Ka5 c5 42. Ka6 c4 43. Kxa7 c3 44. Kb6 Kd3 45. Kc7 c2 46. Kd7 Kc3 47. Ke7 Kb2 48. Ke6 c1=Q 49. Bxc1+ Kxc1 50. Ke5 Bb1 51. h5 Kd2 52. h6 Ke3 53. Kf6 Kf3 54. Kg7 Kg4 55.
Kh8 Kf5 56. Kg7 Ke5 57. Kh8 Kf6 58. Kg8 1-0

[Event "Live Chess"]
[Site "Chess.com"]
[Date "2023.05.21"]
[Round "-"]
[White "OleksiyJr1"]
[Black "CeladonFish"]
[Result "0-1"]
[WhiteElo "960"]
[BlackElo "1097"]
[TimeControl "300"]
[EndTime "23:23:07 PDT"]
[Termination "CeladonFish won by checkmate"]

1. e4 d6 2. Nf3 Nf6 3. Nc3 g6 4. d3 Bg7 5. Bg5 O-O 6. Be2 c5 7. O-O Bg4 8. h3 Bxf3 9. Bxf3 Nbd7 10. Be2 Ne5 11. f4 Nc6 12. Bf3 Qb6 13. b3 Nh5 14. Qd2 Qb4 15. Nd5 Qxd2 16. Nxe7+ Kh8 17. Rad1 Qc3 18.
Nxc6 bxc6 19. e5 dxe5 20. Bxc6 Rac8 21. Be4 exf4 22. Bb7 Rc7 23. Be4 Qd4+ 24. Kh2 f6 25. Bxf4 Nxf4 26. Rxf4 Qd6 27. g3 g5 28. Rf5 h5 29.
Rdf1 h4 30. R1f3 hxg3+ 31. Rxg3 Kg8 32. Bd5+ Kh8 33. h4 Qf4 34. Rxf4 gxf4 35. Rg4 f5 36. Rg5 Be5 37. Rh5+ Kg7 38. Rg5+ Kf6 39. Kg2 Rh8 40. Kh3 Rch7 41. Rg1 Rxh4+ 42. Kg2 Rg4+ 43. Kf1 Rxg1+ 44. Kxg1 Kg5 45. Kf2 Kg4 46. Bf3+ Kg5 47. Bd5 Rh2+ 48. Bg2 Kg4 49. c4 f3 50. Kg1 Rxg2+ 51. Kf1 Rxa2 52. b4 cxb4 53. d4 b3 54. c5 b2 55. c6 b1=Q# 0-1

[Event "Live Chess"]
[Site "Chess.com"]
[Date "2023.05.21"]
[Round "-"]
[White "Conradical12"]
[Black "Crowded_House"]
[Result "1-0"]
[WhiteElo "1615"]
[BlackElo "1688"]
[TimeControl "300"]
[EndTime "23:23:11 PDT"]
[Termination "Conradical12 won by resignation"]

1. e4 e6 2. Nf3 d5 3. exd5 exd5 4. d4 Bg4 5. c4 c6 6. Nc3 Nf6 7. Bg5 h6 8. Bf4 Bd6 9. Bg3 O-O 10. Be2 Re8 11. c5 Bc7 12. Qd2 Ne4 13.
Nxe4 Rxe4 14. O-O-O Nd7 15. Bd6 Bxd6 16. cxd6 Nf6 17. h3 Bh5 18. g4 Bg6 19. Nh4 Qe7 20.
dxe7 1-0

[Event "Live Chess"]
[Site "Chess.com"]
[Date "2023.05.21"]
[Round "-"]
[White "martynstanley"]
[Black "martinsmartin63"]
[Result "1-0"]
[WhiteElo "1014"]
[BlackElo "758"]
[TimeControl "300"]
[EndTime "23:23:12 PDT"]
[Termination "martynstanley won by checkmate"]

1. d4 d5 2. e3 Nf6 3. Bd3 Bg4 4.
f3 Bd7 5. f4 e5 6. fxe5 Ne4 7. Nd2 Nxd2 8. Bxd2 Nc6 9. Nf3 Bb4 10.
c3 Be7 11. O-O Bh4 12. Nxh4 Qxh4 13. Be1 Qg5 14. Qf3 O-O 15. e4 dxe4 16. Qxe4 g6 17. Rf3 Rae8 18. h4 Qh6 19. Rd1 g5 20. Bd2 Qh5 21.
hxg5 Bg4 22. Kf2 Bxf3 23. gxf3 Qh2+ 24. Ke3 Qh5 25. Rf1 Qxg5+ 26. Ke2 Qg2+ 27. Rf2 Qg3 28.
Qxh7# 1-0

[Event "Live Chess"]
[Site "Chess.com"]
[Date "2023.05.21"]
[Round "-"]
[White "Doge_Dandolo"]
[Black "AlanPaling"]
[Result "1-0"]
[WhiteElo "1902"]
[BlackElo "1361"]
[TimeControl "300"]
[EndTime "23:24:24 PDT"]
[Termination "Doge_Dandolo won by resignation"]

1. Nf3 c5 2. c4 Nc6 3. d4 cxd4 4. Nxd4 g6 5. Nc3 Bg7 6. Nc2 Nf6 7. g3 O-O 8. Bg2 d6 9. O-O Bd7 10. Bg5 Qc8 11. Re1 Bh3 12. Bh1 Bf5 13. Ne3 Bd7 14.
Rc1 h6 15. Bxf6 Bxf6 16. b3 Nd4 17. Ncd5 Bg7 18. Nxe7+ 1-0

[Event "Live Chess"]
[Site "Chess.com"]
[Date "2023.05.21"]
[Round "-"]
[White "LaupMiths"]
[Black "MaximKhimchenko"]
[Result "1-0"]
[WhiteElo "1816"]
[BlackElo "1405"]
[TimeControl "300"]
[EndTime "23:24:37 PDT"]
[Termination "LaupMiths won - game abandoned"]

1. Nf3 e5 2. Nxe5 d5 3. d4 Bd6 4. Nf3 Nf6 5. g3 Bg4 6. Bg2 O-O 7. O-O Nc6 8. h3 Bxf3 9. Bxf3 Qd7 10. Bg2 Rfe8 11.
Be3 Bxg3 12. Bg5 Bd6 13. c3 Nh5 14. Nd2 Bf4 15. Bh4 g5 16. e3 gxh4 17. exf4 Nxf4 18. Qg4+ Qxg4 19. hxg4 h3 20. Bf3 Kg7 21. Kh2 Kg6 22.
Kg3 Ne2+ 23. Kxh3 Nf4+ 24. Kg3 Ne2+ 25. Kh2 Nf4 26. Rae1 Nd3 27. Rxe8 Rxe8 28. Bxd5 Ne7 29. Be4+ 1-0

[Event "Live Chess"]
[Site "Chess.com"]
[Date "2023.05.21"]
[Round "-"]
[White "Ferrarifan27"]
[Black "marcrob"]
[Result "1-0"]
[WhiteElo "2065"]
[BlackElo "1000"]
[TimeControl "300"]
[EndTime "23:24:42 PDT"]
[Termination "Ferrarifan27 won on time"]

1. e4 e5 2. Nf3 Nc6 3. Bb5 Nf6 4. O-O Be7 5. Re1 d6 6. d4 O-O 7. Bxc6 bxc6 8. dxe5 dxe5 9. Qxd8 Rxd8 10. Nxe5 Bb7 11.
Nc3 Bd6 12. Nc4 Bb4 13. Bg5 Bxc3 14. bxc3 Re8 15. Bxf6 gxf6 16. Na5 Bc8 17. Nxc6 Bb7 18. Nd4 Bxe4 19. f3 Bg6 20. Kf2 c5 21. Nb3 Bxc2 22. Nxc5 Rab8 23. Rxe8+ Rxe8 24. Rc1 Bf5 25. Nb3 Bd3 26.
Nd4 Ba6 27. c4 Bb7 28. c5 Rd8 29. c6 Bc8 30. Nb5 a6 31. Na7 Be6 32. c7 Ra8 33. c8=Q+ Bxc8 34. Rxc8+ Rxc8 35. Nxc8 Kg7 36. Ke3 Kg6 37. Nd6 f5 38. Ne8 Kg5 39. a4 a5 40. Nd6 f4+ 41. Ke4 f6 42. Nc4 f5+ 43. Ke5 Kh4 44. Kxf4 1-0

[Event "Live Chess"]
[Site "Chess.com"]
[Date "2023.05.21"]
[Round "-"]
[White "Outspanner"]
[Black "Biranidun"]
[Result "0-1"]
[WhiteElo "1536"]
[BlackElo "2560"]
[TimeControl "300"]
[EndTime "23:24:51 PDT"]
[Termination "Biranidun won by checkmate"]

1. Nf3 Nf6 2. c4 g6 3. g3 Bg7 4. Bg2 O-O 5. O-O d6 6. Nc3 e5 7. d3 Nc6 8. b3 e4 9. Nd2 e3 10. fxe3 Ng4 11. Ndb1 Re8 12. Rf3 h5 13. a3 a5 14. Ra2 h4 15. Ne4 f5 16. Nf2 Nge5 17. Rf4 hxg3 18. hxg3 Qg5 19. Nh1 Ng4 20. Rxg4 Qxg4 21.
Nd2 Rxe3 22. Nf3 Re7 23. Nf2 Qh5 24. Bg5 Re8 25. Bh4 Nd4 26. Bf1 Nxf3+ 27. exf3 g5 28.
Bxg5 Qxg5 29. Kg2 Be5 30. Nh1 f4 31. g4 Bd4 32. Re2 Bd7 33. Nf2 Qh4 34. Nh1 Rxe2+ 35. Qxe2 Re8 36. Qd2 Re3 37. Be2 Bc6 38. Bd1 Qxg4+ 39.
Kf1 Bxf3 40. Bxf3 Qxf3+ 41. Nf2 Rxd3 42. Qc2 Rd1+ 43. Qxd1 Qxf2# 0-1

[Event "Live Chess"]
[Site "Chess.com"]
[Date "2023.05.21"]
[Round "-"]
[White "jbooth"]
[Black "Driftboard"]
[Result "1-0"]
[WhiteElo "1681"]
[BlackElo "755"]
[TimeControl "300"]
[EndTime "23:24:58 PDT"]
[Termination "jbooth won by checkmate"]

1. e4 e5 2. Bc4 Nc6 3. Nc3 Nf6 4.
d3 Bc5 5. a3 O-O 6. f4 exf4 7.
Bxf4 Bxg1 8. Rxg1 d6 9. Bg5 h6 10. Bh4 Qe7 11. Nd5 Qd8 12. Nxf6+ gxf6 13. Rf1 Kg7 14.
Bxf6+ Qxf6 15. Rxf6 Kxf6 16. Qf3+ Ke7 17. c3 Ne5 18.
Qh5 Nxc4 19. dxc4 Rh8 20. O-O-O c6 21. Rf1 Be6 22. b3 d5 23. cxd5 cxd5 24. exd5 Bd7 25.
Rxf7+ Kd6 26. Qg6+ Kxd5 27. Rxd7+ Ke5 28. Qd6+ Kf5 29. Rf7+ Ke4 30. Rf4+ Ke3 31. Qe5+ Kd3 32. Qd4+ Ke2 33. Rf2+ Ke1 34. Qe3# 1-0

[Event "Live Chess"]
[Site "Chess.com"]
[Date "2023.05.21"]
[Round "-"]
[White "Goblinbasher"]
[Black "Supertromp"]
[Result "0-1"]
[WhiteElo "1239"]
[BlackElo "2142"]
[TimeControl "300"]
[EndTime "23:25:32 PDT"]
[Termination "Supertromp won by resignation"]

1. e4 c5 2. Nc3 g6 3. f4 Bg7 4. Nf3 Nc6 5. Bc4 e6 6. a3 Nge7 7. O-O O-O 8. d3 d5 9. exd5 exd5 10. Ba2 Bg4 11. Qe1 Bxf3 12. Rxf3 Nd4 13. Rf2 Ndf5 14. Rf1 Bd4+ 15. Kh1 h5 16. Ne2 Be3 17. Ng3 d4 18. Bxe3 Nxe3 19. Rf2 N7f5 20. Nxf5 Nxf5 21. Bc4 Re8 22.
Qd2 Qh4 23. Bd5 Re3 24. Re1 Rae8 25. Rxe3 dxe3 26. Qe2 Qxf2 0-1

[Event "Live Chess"]
[Site "Chess.com"]
[Date "2023.05.21"]
[Round "-"]
[White "Rusty_Bridges"]
[Black "elephantgerrald"]
[Result "0-1"]
[WhiteElo "1487"]
[BlackElo "471"]
[TimeControl "300"]
[EndTime "23:25:51 PDT"]
[Termination "elephantgerrald won by checkmate"]

1. e4 e5 2. f4 exf4 3. Nf3 Nf6 4. e5 Qe7 5. d4 d6 6. Bxf4 dxe5 7.
Nxe5 Nbd7 8. c3 Nxe5 9. Bxe5 Nd5 10. Be2 Ne3 11. Qa4+ c6 12. Rg1 b5 13. Qa5 Nc2+ 14. Kd1 Nxa1 15. Re1 Bf5 16. Bxb5 cxb5 17. Bg3 Qxe1+ 18.
Kxe1 Bxb1 19. Qxb5+ Ke7 20. Qb7+ Kf6 21. Qxa8 Nc2+ 22.
Kd2 Nb4 23. cxb4 Bxb4+ 24. Kc1 Rxa8 25. Kxb1 Re8 26. Kc2 Be1 27. Be5+ Kg6 28. Kd1 Ba5 29. a3 f6 30. Bf4 Re1+ 31. Kc2 Re2+ 32. Kb3 Rxg2 33.
d5 Kf7 34. d6 Ke8 35. Ka4 Bb6 36. b4 Rg4 37. Bg3 Kd7 38. Kb5 Rg5+ 39. Kc4 Rg4+ 40.
Kb5 h5 41. a4 h4 42. a5 Rg5+ 43. Kc4 hxg3 44. axb6 axb6 45. hxg3 Rxg3 46. Kb5 f5 47. Kxb6 f4 48. b5 f3 49. Kb7 f2 50. b6 f1=Q 51.
Kb8 Qf8+ 52. Kb7 Qc8+ 53. Ka7 Ra3# 0-1

[Event "Live Chess"]
[Site "Chess.com"]
[Date "2023.05.21"]
[Round "-"]
[White "JohanKjeldahl"]
[Black "BJAW87"]
[Result "1-0"]
[WhiteElo "1876"]
[BlackElo "1432"]
[TimeControl "300"]
[EndTime "23:26:01 PDT"]
[Termination "JohanKjeldahl won by resignation"]

1. e4 c6 2. d4 d5 3. Nc3 dxe4 4. Nxe4 Bf5 5. Ng3 Bg6 6. Nf3 Nd7 7. h4 h5 8. Bd3 Bxd3 9. Qxd3 Ngf6 10. Bf4 e6 11.
c3 Qb6 12. O-O-O Be7 13. Ne5 Nxe5 14. dxe5 Nd5 15. Bg5 Bxg5+ 16. hxg5 O-O-O 17. Ne4 Nf4 18. Nd6+ Kc7 19. Qf3 Nd5 20. Qxf7+ Kb8 21. Qxe6 g6 22. Qxg6 Rdg8 23. Qc2 Rxg5 24. Nf7 Qd8 25. Nxd8 1-0

[Event "Live Chess"]
[Site "Chess.com"]
[Date "2023.05.21"]
[Round "-"]
[White "CeladonFish"]
[Black "Crowded_House"]
[Result "0-1"]
[WhiteElo "1096"]
[BlackElo "1689"]
[TimeControl "300"]
[EndTime "23:26:01 PDT"]
[Termination "Crowded_House won by resignation"]

1. d4 d5 2. c4 c6 3. Nc3 e6 4. Bf4 Bd6 5. Bxd6 Qxd6 6. Nf3 Nf6 7. cxd5 exd5 8. e3 O-O 9. Bd3 Bg4 10. h3 Bh5 11. O-O Nbd7 12. e4 dxe4 13. Nxe4 Nxe4 14. Bxe4 Rfe8 15. Bc2 Qf6 16. Qd3 Bg6 17. Qd2 Bxc2 18. Qxc2 Re7 19. h4 Rae8 20. Ng5 Qg6 21. f4 Qxc2 0-1

[Event "Live Chess"]
[Site "Chess.com"]
[Date "2023.05.21"]
[Round "-"]
[White "Geomorph"]
[Black "martynstanley"]
[Result "1-0"]
[WhiteElo "1256"]
[BlackElo "1009"]
[TimeControl "300"]
[EndTime "23:26:10 PDT"]
[Termination "Geomorph won by checkmate"]

1. e4 e6 2. Nf3 d5 3. Nc3 c5 4.
exd5 exd5 5. Bb5+ Nc6 6. Ne5 Ne7 7. Qe2 f6 8. Nxc6 bxc6 9. Bxc6+ Bd7 10. Bxa8 Qxa8 11.
O-O Qc6 12. d3 Bc8 13. Re1 Qd7 14. Bf4 Bb7 15. Rad1 g5 16. Bg3 Kf7 17. a3 Qc6 18. Qf3 Ng6 19. Ne2 Ne5 20. Bxe5 Bd6 21. Qxf6+ Ke8 22.
Bxd6 Rf8 23. Nd4+ Kd7 24. Qe7+ Kc8 25. Nxc6 Bxc6 26. Qc7# 1-0

[Event "Live Chess"]
[Site "Chess.com"]
[Date "2023.05.21"]
[Round "-"]
[White "nigelst"]
[Black "peter-785"]
[Result "1-0"]
[WhiteElo "1721"]
[BlackElo "1219"]
[TimeControl "300"]
[EndTime "23:26:16 PDT"]
[Termination "nigelst won by resignation"]

1. e4 c5 2. Nf3 d6 3. Bb5+ Nd7 4.
O-O a6 5. Bxd7+ Bxd7 6. c3 e6 7.
d4 cxd4 8. cxd4 Nf6 9. Nc3 Be7 10. Bg5 O-O 11. Rc1 b5 12. e5 Ne8 13. Bxe7 Qxe7 14. exd6 Qxd6 15. Ne4 Qb6 16. Nc5 Rd8 17. Ne5 Nf6 18. b4 Bc6 19. Nxe6 Bxg2 20. Nxd8 Rxd8 21.
Rc6 Qb7 22. Kxg2 Nd7 23. Nxd7 Qxc6+ 24. f3 Qxd7 25. Re1 h6 26. Re4 Qd5 27. Qe2 Qg5+ 28.
Kh1 Rc8 29. Re8+ Rxe8 30. Qxe8+ Kh7 31. Qe4+ g6 32. d5 Qc1+ 33. Kg2 Qd2+ 34. Kg3 Qg5+ 35. Kf2 Qd2+ 36. Kf1 Qxh2 37. Qd3 Qxa2 38. d6 Qa1+ 39. Kg2 Qb2+ 40. Kg3 Qe5+ 41. f4 Qe8 42. d7 Qd8 43. Qd5 Kg7 44. Qe5+ Kg8 45. Qe8+ 1-0

[Event "Live Chess"]
[Site "Chess.com"]
[Date "2023.05.21"]
[Round "-"]
[White "Nazar_777"]
[Black "Jo1ts"]
[Result "1/2-1/2"]
[WhiteElo "1589"]
[BlackElo "842"]
[TimeControl "300"]
[EndTime "23:26:18 PDT"]
[Termination "Game drawn by repetition"]

1. e3 d5 2. h4 e5 3. a3 Nf6 4.
c4 Nc6 5. Nf3 Bg4 6. Be2 dxc4 7.
Qc2 Bd6 8. Bxc4 e4 9. Ng5 Ne5 10. Be2 Bxe2 11. Kxe2 h6 12. Nh3 O-O 13. Nc3 c6 14.
Ke1 Qd7 15. Nxe4 Nxe4 16. Qxe4 Qg4 17. Qxg4 Nxg4 18. b4 c5 19. bxc5 Bxc5 20. Bb2 Rad8 21. Nf4 g6 22. h5 g5 23. Ne2 Rfe8 24. f3 Ne5 25. Bxe5 Rxe5 26. Kf2 Rxd2 27. Rad1 Rxd1 28.
Rxd1 Bxe3+ 29. Kg3 Bf4+ 30. Nxf4 gxf4+ 31. Kxf4 Ra5 32.
g4 Rxa3 33. g5 hxg5+ 34. Kxg5 Rxf3 35. Rd7 Rb3 36. h6 a5 37. Kf6 Rb6+ 38. Kg5 Rg6+ 39. Kh5 b5 40. Rb7 b4 41. Ra7 b3 42. Rxa5 Rb6 43. Ra1 b2 44. Rb1 Rb5+ 45. Kg4 Kh7 46. Kf4 Kxh6 47. Ke4 Kg5 48. Kd3 f5 49. Kc2 f4 50. Rg1+ Kf5 51. Kb1 Ke4 52. Re1+ Kf3 53. Rf1+ Ke4 54. Re1+ Kd3 55. Rf1 Ke4 56. Re1+ 1/2-1/2